Description

Bronze to Diamond+ 2 base all-in to simplify learning Protoss macro mechanics, recommended by Probe.

Probe production halts at 44 (two fully saturated bases w/ gas).

No replay was available, so I tried to reconstruct the build from the youtube video. Let me know in a comment if you notice any mistakes.

VOD

https://youtu.be/NueP8Jeea3c

Build Order

Get SALT Encoding   

  14  0:19  Pylon  
  16  0:39  Action  Chrono Probes
  16  0:44  Gateway  
  17  0:52  Assimilator  
  20  1:23  Nexus  
  20  1:33  Cybernetics Core  
  20  1:39  Assimilator  
  22  1:53  Pylon  
  23  2:10  Warp Gate, Adept (Chrono Boost)  
  25  2:12  Action  Chrono Probes
  26  2:23  Robotics Facility  
  26  2:24  Shield Battery  At Natural
  29  2:32  Stalker  
  30  2:37  Action  Chrono Probes (Natural)
  34  3:01  Sentry  
  39  3:12  Observer  
  41  3:17  Pylon  
  41  3:21  Action  Chrono Probes (Natural)
  44  3:33  Immortal  
  49  3:40  Forge, Twilight Council  
  50  3:43  Pylon  
  51  3:52  Action  Chrono Robo
  52  3:55  Assimilator x2  
  54  4:06  Immortal  
  58  4:12  Pylon  
  60  4:20  Protoss Ground Weapons Level 1  
  60  4:25  Pylon  
  60  4:27  Charge  
  60  4:35  Gateway x7  
  60  5:01  Templar Archives  
  60  5:02  Action  Chrono Forge
  60  5:08  Warp Prism  
  62  5:13  Zealot  
Spawning Tool Build Advisor. Get it on Overwolf

Analysis

After this point, warp in units as often as possible and move across the map to attack. For each warp in cycle, add two pylons to avoid supply blocking.

For a more macro-oriented follow-up, it's possible to take a third base while moving out.

Go to:

Details

  • Created by: sportsliker  
  • Published on: Jun 19, 2022
  • Modified on: Jun 19, 2022
  • Patch: 4.11.0
  • Difficulty: Easy
Show
View Real Time Build Order
Export as new Build Order

Comments (4)

On Feb. 20, 2024, 1:29 p.m., sportsliker  said:

@Knox You'll already have some units, a warp gate and robo to produce more units, and a shield battery at your natural. When you see your opponent is being aggressive very early, keep making units constantly (including probes), fight near your shield battery, and try to find the best timing for battery overcharge. You can pull probes to fight. You can prioritize adding production (more gates) or defense (shield batteries) over tech (twilight, forge) with your excess resources after making workers and units. Once the threat is over, try to get back on track with the rest of the build. You won't beat every all-in but you can definitely learn to improve your win rate against them.

On Feb. 20, 2024, 3:48 a.m., Knox  said:

Cool gameplay, but what if you are versus a player that makes unit at the 3 minute and the he attacks you?

On Feb. 9, 2024, 2:39 p.m., vinimagus  said:

Great job, sportsliker (the bo itself and your comments), especially considering that you did not have access to the replay, thus working solely based on the video and comments.

Thanks so much,
V

On Sept. 6, 2022, 7:11 a.m., EatMySpagheet  said:

For me, this was a very nice to build to help with getting back into the game after a long hiatus.

Create an account to comment!